[Event "Torneo Nuevo Centro. Jornada 11"]
[Site "Chess.com"]
[Date "2020.08.28"]
[Round "9"]
[White "Sampedro Roig, Josep Francesc"]
[Black "Martin Ayala, David"]
[Result "1-0"]
[WhiteElo "1857"]
[BlackElo "1869"]
[TimeControl "180+2"]
[EndTime "12:09:33 PDT"]
[Termination "Victoria de Abrekurios por abandono"]

1. e4 d5 2. exd5 Nf6 3. d4 Nxd5 4. c4 Nb6 5. Nf3 g6 6. Nc3 Bg7 7. Be3 O-O 8. Be2 Bg4 9. b3 c5 10. Nb5 Nc6 11. Rc1 cxd4 12. Nfxd4 Bxe2 13. Nxe2 a6 14. Qxd8 Rfxd8 15. Bxb6 axb5 16. Bxd8 Nxd8 17. cxb5 Rxa2 18. Rc8 Bf8 19. Rg1 Ne6 20. f3 Kg7 21.
Kf2 Nf4 22. Re1 Nd3+ 23. Kf1 Nxe1 24. Kxe1 e5 25. Rb8 Ra1+ 26. Kd2 Bb4+ 27. Kd3 Rb1 28. Kc4 Bd6 29. Rxb7 Rb2 30. Nc3 Kf6 31. Nd5+ Ke6 32. Nc3 Rxg2 33. b6 Rf2 34. Ne4 Rxf3 35. Nxd6 Kxd6 36.
Rc7 Rf2 37. Kb5 Rxh2 38. Rc4 Rb2 39. b4 e4 40. b7 e3 41. b8=Q+ Ke6 42. Qb7 e2 43.
Qe4+ Kf6 44. Rc6+ Kg7 45. Qe5+ Kh6 46. Qf4+ Kg7 47. Qd4+ Kh6 48. Qe3+ Kg7 49. Rc1 f5 50. Qe5+ Kh6 51. Qxb2 f4 52. Qxe2 g5 53. Rh1+ Kg6 54. Qe4+ Kf6 55. Rh6+ Kg7 56. Rxh7+ Kf6 57. Rh6+ 1

[Event "Torneo Nuevo Centro. Jornada 11"]
[Site "Chess.com"]
[Date "2020.08.28"]
[Round "9"]
[White "Blanco Solaz, Ramón"]
[Black "Martínez Escandell, Alfonso"]
[Result "0-1"]
[WhiteElo "1948"]
[BlackElo "1915"]
[TimeControl "180+2"]
[EndTime "12:09:45 PDT"]
[Termination "Victoria de Alfonso10 por abandono"]

1. Nf3 c5 2. c4 g6 3. Nc3 Bg7 4. g3 e6 5. Bg2 Ne7 6. O-O O-O 7. d4 cxd4 8. Nxd4 Nbc6 9. Nc2 Qb6 10. Kh1 Qc5 11. Na3 a6 12. Be3 Qb4 13. Qb3 Qxb3 14. axb3 Nf5 15. Bc5 d6 16. Bb6 Nfd4 17. Bc7 Nxb3 18. Rad1 d5 19. cxd5 exd5 20. Nxd5 Bxb2 21. Nc4 Bg7 22. Ncb6 Bg4 23. Nxa8 Rxa8 24. f3 Be6 25. Nb6 Re8 26. e3 h6 27. Rd3 Nc5 28. Ra3 Bb2 29.
Ra2 Bxa2 30. Rf2 Nd3 31. Rd2 Rxe3 32. h4 Re1+ 33. Kh2 Bb1 34. f4 Bc1 35. Nc4 Bxd2 36. Nxd2 Re2 37. Nxb1 Ne1 38. Kh3 Rxg2 39. Nc3 b5 40. Ne4 Rc2 41. Kg4 Kg7 42. Nd6 h5+ 43. Kh3 Nf3 44. g4 Ng1+ 45. Kg3 hxg4 46. Kxg4 b4 47.
f5 gxf5+ 48. Nxf5+ Kf8 49. Ne3 Rc1 50. Bd6+ Ke8 51.
Kf4 b3 52. Be5 Nxe5 0

[Event "Torneo Nuevo Centro. Jornada 11"]
[Site "Chess.com"]
[Date "2020.08.28"]
[Round "9"]
[White "Kovacevic, Slobodan"]
[Black "Conon, Catalin"]
[Result "0-1"]
[WhiteElo "2211"]
[BlackElo "1927"]
[TimeControl "180+2"]
[EndTime "12:12:01 PDT"]
[Termination "Victoria de CatalinConon por jaque mate"]

1. d4 Nf6 2. Nf3 g6 3. Bg5 Bg7 4. Nbd2 O-O 5. c3 d6 6. e4 Nbd7 7. Qc2 e5 8. dxe5 dxe5 9. Be2 b6 10. O-O Bb7 11. b4 h6 12. Bh4 Qe7 13. Rfe1 c5 14.
b5 Rfd8 15. Bd3 a6 16. a4 axb5 17. axb5 g5 18. Bg3 Ne8 19. Nc4 f6 20. Ne3 Nf8 21. Nf5 Qf7 22. Qe2 Nd6 23. Nxd6 Rxd6 24. Bc4 Ne6 25.
Rxa8+ Bxa8 26. Qa2 Bb7 27. Qa7 Qd7 28. h3 Kh7 29.
Kh2 Bc8 30. Qb8 Qc7 31. Qa8 Qb7 32. Qa2 Nf4 33. Kg1 h5 34. h4 g4 35. Nh2 Qd7 36. Nf1 Bb7 37. f3 gxf3 38. gxf3 Bh6 39. Ne3 Nd3 40.
Rd1 Bxe3+ 41. Kh2 Bf4 42. Bxd3 Rxd3 43. Rxd3 Qxd3 44. Qf2 Bxg3+ 45. Kxg3 Qd7 46. Qa2 Qg7+ 47. Kf2 Bc8 48. Qd5 Qd7 49. Qa8 Bb7 50. Qb8 Qd2+ 51. Kg3 Qf4+ 52. Kg2 Qd2+ 53. Kh3 Bxe4 54. Qc7+ Kg6 55.
fxe4 Qe3+ 56. Kg2 Qe2+ 57. Kg1 Qe1+ 58. Kg2 Qxe4+ 59. Kf2 Qxh4+ 60. Ke3 Qf4+ 61. Kd3 c4+ 62. Kc2 Qf2+ 63. Kb1 Qe1+ 64. Kb2 Qd2+ 65. Kb1 Qxc3 66. Qc6 Qb3+ 67. Kc1 Qe3+ 68. Kc2 Kf5 69. Qd7+ Kf4 70. Qf7 Qd3+ 71. Kc1 f5 72. Qxh5 c3 73. Qh4+ Ke3 74.
Qg3+ Ke4 75. Qh4+ f4 76. Qh7+ Kd4 77. Qd7+ Ke3 78. Qd4+ Qxd4 79. Kc2 Qd2+ 80. Kb3 Qb2+ 81. Kc4 Qxb5+ 82. Kxb5 c2 83. Kxb6 c1=Q 84. Kb5 Qc3 85. Kb6 Qc4 86. Kb7 Qc5 87. Kb8 Qe7 88. Kc8 f3 89.
Kb8 f2 90. Kc8 f1=Q 91. Kb8 Qb1+ 92. Kc8 Qbb7# 0